 Dungeon Crawl Stone Soup version 0.24-a0-189-g5d897e9104 (webtiles) character file.

Game seed: 12538638170854142322

89 Deemzul the Shield-Bearer (level 4, 0/37 HPs)
             Began as a Formicid Fighter on Mar 17, 2019.
             Killed by nerve-wracking pain
             ... invoked by Grinder
              (3 damage)
             ... on level 3 of the Dungeon.
             The game lasted 00:02:14 (1875 turns).

Deemzul the Shield-Bearer (Formicid Fighter)        Turns: 1875, Time: 00:02:14

Health: 0/37       AC:  8    Str: 21    XL:     4   Next: 84%
Magic:  4/4        EV:  8    Int: 12    God:
Gold:   112        SH:  9    Dex: 11    Spells: 3/3 levels left

rFire    . . .     SeeInvis +   a - +0 long sword
rCold    . . .     Gourm    .   c - +0 shield
rNeg     + . .     Faith    .   b - +0 scale mail
rPois    .         Spirit   .   (helmet unavailable)
rElec    .         Reflect  .   r - +0 cloak {+Inv}
rCorr    .         Harm     .   (no gloves)
MR       .....                  (no boots)
Stlth    +.........             (no amulet)
HPRegen  0.12/turn              k - ring of stealth
MPRegen  0.09/turn              j - ring of positive energy

@: brilliant
A: permanent stasis, dig shafts and tunnels, four strong arms, antennae 3
a: Dig, Shaft Self, Evoke Invisibility


You were on level 3 of the Dungeon.
You were not hungry.

You visited 1 branch of the dungeon, and saw 3 of its levels.

You collected 112 gold pieces.

Inventory:

Hand Weapons
 a - a +0 long sword (weapon)
Armour
 b - a +0 scale mail (worn)
 c - a +0 shield (worn)
 r - a +0 cloak of invisibility (worn)
Jewellery
 j - a ring of positive energy (right hand)
 k - a ring of stealth (left hand)
Wands
 p - a wand of digging (6)
Scrolls
 e - 4 scrolls of identify {unknown}
 i - a scroll of enchant armour {unknown}
 l - a scroll of noise {unknown}
 m - a scroll of blinking {unknown}
 o - a scroll of teleportation {unknown}
Potions
 d - 2 potions of might
Comestibles
 f - 6 rations
 q - a chunk of flesh


   Skills:
 + Level 3.8 Fighting
 * Level 3.1 Long Blades
 + Level 3.8 Armour
 + Level 0.6 Dodging
 + Level 4.2 Shields
 + Level 0.2 Evocations


You had 3 spell levels left.
You didn't know any spells.
Your spell library contained the following spells:

 Spells                   Type           Power        Failure   Level  Hunger
 Confusing Touch          Hex            #.....       24%         1    ##.....
 Confuse                  Hex            #.......     54%         3    ####...
 Gell's Gravitas          Tloc           #.........   54%         3    ####...
 Petrify                  Tmut/Erth      #.......     87%         4    #####..
 Metabolic Englaciation   Hex/Ice        #.........   99%         5    ######.
 Yara's Violent Unravell  Hex/Tmut       #.........   99%         5    ######.


Dungeon Overview and Level Annotations

Branches:
Dungeon (3/15)

Altars:
Dithmenos
Gozag
Hepliaklqana
Nemelex Xobeh

Annotations:
D:3 Grinder


Innate Abilities, Weirdness & Mutations

You cannot be hasted, slowed, berserked, paralysed or teleported.
You can dig through walls and to a lower floor.
Your four strong arms can wield two-handed weapons with a shield.
You have a pair of large antennae on your head. (SInv)


Message History

Grinder gestures at you.
You barely resist. You hit Grinder.
Grinder is severely wounded.
Grinder hits you!
* * * LOW HITPOINT WARNING * * *
Grinder barely misses you.
Unknown command.
Your shield and scale mail prevent you from hitting Grinder.
Grinder is severely wounded.
Grinder blinks!
As you read the scroll labeled FOINUIQOED, it crumbles to dust.
You feel as if something is helping you.
It was a scroll of remove curse.
Okay, then.
You barely miss Grinder.
Grinder is severely wounded.
Grinder gestures at you. Pain shoots through your body!
You die...

#.#
#.#####
#.#
#......
#.#
#......
#.#
#......
##### #.#
#......
#...# #.#
#......
#...####.#
##..###
+.5......#
#..#
#..@######
#.†##
#...#
##).#
#...# #..#
#...#
##.##
#...# #..#
##### #.>.
####


You could see Grinder.

Vanquished Creatures
  Crazy Yiuf (D:2)
  An adder (D:2)
  2 dart slugs (D:1)
  3 leopard geckos
  6 bats
  3 giant cockroaches
  4 goblins
  4 hobgoblins
  2 jackals (D:3)
  4 kobolds
  A quokka (D:3)
  5 frilled lizards
  8 rats
44 creatures vanquished.

Notes
Turn   | Place    | Note
-------+----------+-------------------------------------------
     0 | D:1      | Deemzul the Formicid Fighter began the quest for the Orb.
     0 | D:1      | Reached XP level 1. HP: 18/18 MP: 1/1
    26 | D:1      | Reached XP level 2. HP: 14/24 MP: 2/2
   450 | D:1      | Reached XP level 3. HP: 27/29 MP: 3/3
   694 | D:2      | Found a hazy altar of Hepliaklqana.
   743 | D:2      | Reached skill level 4 in Shields
   953 | D:2      | Found a shadowy altar of Dithmenos.
  1108 | D:2      | Found a sparkling altar of Nemelex Xobeh.
  1109 | D:2      | Found an opulent altar of Gozag.
  1400 | D:2      | Reached XP level 4. HP: 35/37 MP: 4/4
  1482 | D:2      | Found a runed translucent door.
  1483 | D:2      | Noticed Crazy Yiuf
  1567 | D:2      | Killed Crazy Yiuf
  1856 | D:3      | Noticed Grinder
  1875 | D:3      | Killed from afar by Grinder

Levels and vault maps discovered:
D:1:      ncdulo_watergridlock, layout_loops_ring
D:2:      layout_basic, nicolae_dithmenos_shadow_blocks, lemuel_round_altar,
          grunt_temple_overflow_opulence, first_ration,
          chequers_serial_rivers_room_a, kennysheep_generic_room_3,
          uniq_crazy_yiuf_cottage
D:3:      layout_basic, chequers_ecumenical_altar_simple_redux, uniq_grinder,
          uniq_terence

Skill      XL: |  1  2  3  4 |
---------------+-------------+-----
Shields        | 4 |  4.2
Long Blades    | 3 |  3.1
Fighting       | |  3.8
Armour         | |  3.8
Dodging        | |  0.6
Evocations     | |  0.2

Action                   |  1- 3 |  4- 6 || total
-------------------------+-------+-------++-------
Melee: Long sword        |    86 |    53 ||   139
  Use: Potion            |       |     3 ||     3
       Scroll            |       |     1 ||     1
  Eat: Chunk             |     1 |     2 ||     3
Armor: Scale mail        |    32 |    14 ||    46
Dodge: Dodged            |    27 |    16 ||    43
Block: Shield            |    45 |    24 ||    69
       Rpst.: Long sword |     9 |     5 ||    14

Table legend:
 A = Non-vault XP
 B = Vault XP
 C = Vault XP percentage of total XP
 D = Non-vault monster count
 E = Vault monster count
 F = Vault count percentage of total count
                 A         B        C        D         E       F
            +---------+---------+-------+---------+---------+-------
      Total |      74 |      54 |  42.2 |      42 |       2 |   4.5
            +---------+---------+-------+---------+---------+-------
        D:1 |      33 |       0 |   0.0 |      16 |       0 |   0.0
        D:2 |      25 |      54 |  68.4 |      16 |       2 |  11.1
        D:3 |      16 |       0 |   0.0 |      10 |       0 |   0.0
            +---------+---------+-------+---------+---------+-------
